 Dungeon Sprint DCSS version 0.31-a0-851-g7ff8af7976 (webtiles) character file.

Game seed: 13511067839899772005

3691 rocky1 the Blocker (level 10, -27/86 HPs)
             Began as a Gnoll Fighter on Oct 6, 2023.
             Was a High Priest of Cheibriados.
             Killed from afar by a merfolk aquamancer (30 damage)
             ... with a shard of ice
             ... in the Dungeon (Sprint VII: "The Pits").
             The game lasted 00:02:58 (1220 turns).

rocky1 the Blocker (Gnoll Fighter)                  Turns: 1220, Time: 00:02:59

Health: -27/86     AC: 16    Str: 30    XL:     10   Next: 13%
Magic:  6/22       EV: 17    Int: 21    God:    Cheibriados [*****.]
Gold:   0          SH:  9    Dex: 30    Spells: 26/26 levels left

rFire   . . .        v - +2 scimitar (flame)
rCold   . . .        c - +0 buckler
rNeg    . . .        p - +3 chain mail
rPois   .            (no helmet)
rElec   .            (no cloak)
rCorr   .            (no gloves)
SInv    .            y - +0 pair of boots
Will    .....        (no amulet)
Stlth   ++           (no ring)
HPRegen 0.34/turn    (no ring)
MPRegen 0.18/turn

%: no teleportation
@: very slow
A: fangs 1, strong nose, distributed training
a: Renounce Religion, Bend Time, Temporal Distortion, Slouch, Step From Time


You were in the Dungeon.
You worshipped Cheibriados.
Cheibriados was extremely pleased with you.
You visited 1 branch

Inventory:

Hand Weapons
 a - a +2 rapier of electrocution
 o - a +1 long sword of holy wrath
 q - a +0 dagger of venom
 v - a +2 scimitar of flaming (weapon)
Armour
 c - a +0 buckler (worn)
 p - a +3 chain mail (worn)
 x - a +3 plate armour
 y - a +0 pair of boots (worn)
 z - a +5 ring mail
Jewellery
 r - a +3 ring of evasion
 s - a +3 ring of protection
Scrolls
 j - a scroll of blinking
 l - 2 scrolls of vulnerability
 m - 5 scrolls of amnesia
 n - a scroll of butterflies
Potions
 d - 6 potions of might
 e - 6 potions of curing
 f - 8 potions of heal wounds
 g - a potion of haste
 h - 3 potions of magic
 i - 4 potions of berserk rage
 k - 2 potions of invisibility
 t - 2 potions of brilliance
 u - a potion of resistance


   Skills:
 + Level 10.9 Fighting
 + Level 8.7 Short Blades
 + Level 9.9 Long Blades
 + Level 8.7 Axes
 + Level 8.7 Maces & Flails
 + Level 8.7 Polearms
 + Level 8.7 Staves
 + Level 8.7 Ranged Weapons
 + Level 8.7 Throwing
 + Level 10.9 Armour
 + Level 8.7 Dodging
 + Level 8.7 Stealth
 + Level 10.9 Shields
 + Level 8.7 Unarmed Combat
 + Level 8.7 Spellcasting
 + Level 7.2 Conjurations
 + Level 7.2 Hexes
 + Level 7.2 Summonings
 + Level 7.2 Necromancy
 + Level 7.2 Translocations
 + Level 7.2 Transmutations
 + Level 7.2 Fire Magic
 + Level 7.2 Ice Magic
 + Level 7.2 Air Magic
 + Level 7.2 Earth Magic
 + Level 7.2 Poison Magic
 + Level 9.5 Invocations
 + Level 8.7 Evocations
 + Level 7.9 Shapeshifting


You had 26 spell levels left.
You didn't know any spells.
Your spell library was empty.

Dungeon Overview and Level Annotations

Branches:
Dungeon (1/1)

Altars:
Ashenzari
Cheibriados
Dithmenos
Elyvilon
Fedhas
Gozag
Hepliaklqana
Kikubaaqudgha
Makhleb
Nemelex Xobeh
Okawaru
Qazlal
Ru
Sif Muna
Trog
Uskayaw
Vehumet
Wu Jian
Xom
Yredelemnul
Zin
The Shining One
Jiyva
Lugonu


Innate Abilities, Weirdness & Mutations

You have very sharp teeth.
Your uncanny sense of smell can sniff out nearby items.
Your experience applies equally to all skills.


Message History

Activating: Slouch (2% risk of failure)
Press: ? - help, Dir - look around, f - activate You can feel time thicken for a moment.
You kill the deep elf zephyrmancer!
Cheibriados appreciates the change of pace.
You destroy the water elemental!
Cheibriados appreciates the change of pace.
Cheibriados lowers the support of your attributes as your movement quickens.
You block the merfolk's attack.
The merfolk aquamancer gestures wildly while chanting.
The merfolk aquamancer blinks!
Your Conjurations skill increases to level 7!
Your Hexes skill increases to level 7!
Your Summonings skill increases to level 7!
Your Necromancy skill increases to level 7!
Your Translocations skill increases to level 7!
Your Transmutations skill increases to level 7!
Your Fire Magic skill increases to level 7!
Your Ice Magic skill increases to level 7!
Your Air Magic skill increases to level 7!
Your Earth Magic skill increases to level 7!
Your Poison Magic skill increases to level 7!
You have reached level 10!
Activating: Slouch (2% risk of failure)
Press: ? - help, Dir - look around, f - activate You can feel time thicken for a moment.
You destroy the water elemental!
Cheibriados appreciates the change of pace.
Cheibriados raises the support of your attributes as your movement slows.
You kill the merfolk!
Cheibriados appreciates the change of pace.
Cheibriados lowers the support of your attributes as your movement quickens.
The merfolk aquamancer gestures at you while chanting.
The ball of steam hits you!!
* * * LOW HITPOINT WARNING * * *
Unknown command.
Unknown command.
The merfolk aquamancer gestures at you while chanting.
The shard of ice hits you!!
You die...

#++##########
#..§§@.).....
#..§§§§m....§
∆∆
#..##########
∆ #..#∆∆ ∆∆
∆∆∆ ∆∆ #..#∆∆
∆∆ ### ∆∆
#..# ..# #..#
..# #)[# ..#
#..#


You could see a merfolk aquamancer.

Vanquished Creatures
  A hydra (D)
  A deep elf zephyrmancer (D)
  A merfolk siren (D)
  An eye of devastation (D)
  A guardian mummy (D)
  A merfolk (D)
  A ynoxinul (D)
  2 water elementals (D)
  A steam dragon (D)
  2 floating eyes (D)
  An ice beast (D)
  A black bear (D)
  4 wolves (D)
  2 scorpions (D)
  A crimson imp (D)
  A gnoll bouda (D)
  2 orc wizards (D)
  2 mummies (D)
  5 gnolls (D)
  An adder (D)
  2 orcs (D)
  An endoplasm (D)
  2 giant cockroaches (D)
  A hobgoblin (D)
  4 jackals (D)
  A ball python (D)
  A goblin (D)
  A kobold (D)
45 creatures vanquished.

Notes
Turn   | Place    | Note
-------+----------+-------------------------------------------
     0 | D        | rocky1 the Gnoll Fighter began the quest for the Orb.
     0 | D        | Reached XP level 1. HP: 23/23 MP: 1/1
    25 | D        | Reached skill level 1 in Short Blades
    25 | D        | Reached skill level 1 in Axes
    25 | D        | Reached skill level 1 in Maces & Flails
    25 | D        | Reached skill level 1 in Polearms
    25 | D        | Reached skill level 1 in Staves
    25 | D        | Reached skill level 1 in Ranged Weapons
    25 | D        | Reached skill level 1 in Throwing
    25 | D        | Reached skill level 1 in Dodging
    25 | D        | Reached skill level 1 in Stealth
    25 | D        | Reached skill level 1 in Unarmed Combat
    25 | D        | Reached skill level 1 in Spellcasting
    25 | D        | Reached skill level 1 in Invocations
    25 | D        | Reached skill level 1 in Evocations
    25 | D        | Reached skill level 1 in Shapeshifting
    25 | D        | Reached XP level 2. HP: 29/29 MP: 1/3
    29 | D        | Found a bloodstained altar of Trog.
    29 | D        | Found a shimmering blue altar of Sif Muna.
    29 | D        | Found a viscous altar of Jiyva.
    29 | D        | Found a hazy altar of Hepliaklqana.
    29 | D        | Found an opulent altar of Gozag.
    30 | D        | Found a glowing golden altar of the Shining One.
    30 | D        | Found a glowing silver altar of Zin.
    30 | D        | Found a basalt altar of Yredelemnul.
    30 | D        | Found a shimmering altar of Xom.
    30 | D        | Found an ornate altar of the Wu Jian Council.
    30 | D        | Found a sacrificial altar of Ru.
    30 | D        | Found a stormy altar of Qazlal.
    30 | D        | Found an iron altar of Okawaru.
    30 | D        | Found a sparkling altar of Nemelex Xobeh.
    30 | D        | Found a burning altar of Makhleb.
    30 | D        | Found a blossoming altar of Fedhas.
    30 | D        | Found a white marble altar of Elyvilon.
    30 | D        | Found a shadowy altar of Dithmenos.
    30 | D        | Found a snail-covered altar of Cheibriados.
    33 | D        | Found a corrupted altar of Lugonu.
    33 | D        | Found a radiant altar of Vehumet.
    34 | D        | Found an ancient bone altar of Kikubaaqudgha.
    34 | D        | Found a hide-covered altar of Uskayaw.
    34 | D        | Found a broken altar of Ashenzari.
    41 | D        | Became a worshipper of Cheibriados the Contemplative
    87 | D        | Reached skill level 1 in Conjurations
    87 | D        | Reached skill level 1 in Hexes
    87 | D        | Reached skill level 1 in Summonings
    87 | D        | Reached skill level 1 in Necromancy
    87 | D        | Reached skill level 1 in Translocations
    87 | D        | Reached skill level 1 in Transmutations
    87 | D        | Reached skill level 1 in Fire Magic
    87 | D        | Reached skill level 1 in Ice Magic
    87 | D        | Reached skill level 1 in Air Magic
    87 | D        | Reached skill level 1 in Earth Magic
    87 | D        | Reached skill level 1 in Poison Magic
    93 | D        | Reached * piety under Cheibriados
   118 | D        | Reached ** piety under Cheibriados
   120 | D        | Reached *** piety under Cheibriados
   130 | D        | Noticed a scorpion
   130 | D        | Noticed a floating eye
   134 | D        | Killed a floating eye
   134 | D        | Reached **** piety under Cheibriados
   135 | D        | Reached skill level 5 in Long Blades
   135 | D        | Reached XP level 3. HP: 36/36 MP: 4/7
   135 | D        | Reached XP level 4. HP: 43/43 MP: 4/8
   135 | D        | Reached XP level 5. HP: 48/48 MP: 4/9
   209 | D        | Noticed an ice beast
   214 | D        | Killed an ice beast
   214 | D        | Reached ***** piety under Cheibriados
   215 | D        | Reached XP level 6. HP: 38/56 MP: 10/12
   219 | D        | Reached skill level 5 in Invocations
   413 | D        | Noticed a black bear
   420 | D        | Killed a black bear
   421 | D        | Reached skill level 5 in Short Blades
   421 | D        | Reached skill level 5 in Axes
   421 | D        | Reached skill level 5 in Maces & Flails
   421 | D        | Reached skill level 5 in Polearms
   421 | D        | Reached skill level 5 in Staves
   421 | D        | Reached skill level 5 in Ranged Weapons
   421 | D        | Reached skill level 5 in Throwing
   421 | D        | Reached skill level 5 in Dodging
   421 | D        | Reached skill level 5 in Stealth
   421 | D        | Reached skill level 5 in Unarmed Combat
   421 | D        | Reached skill level 5 in Spellcasting
   421 | D        | Reached skill level 5 in Evocations
   427 | D        | Reached XP level 7. HP: 58/63 MP: 14/14
   557 | D        | Reached skill level 5 in Shapeshifting
   658 | D        | Noticed a guardian mummy
   660 | D        | Killed a guardian mummy
   661 | D        | Reached skill level 5 in Conjurations
   661 | D        | Reached skill level 5 in Hexes
   661 | D        | Reached skill level 5 in Summonings
   661 | D        | Reached skill level 5 in Necromancy
   661 | D        | Reached skill level 5 in Translocations
   661 | D        | Reached skill level 5 in Transmutations
   661 | D        | Reached skill level 5 in Fire Magic
   661 | D        | Reached skill level 5 in Ice Magic
   661 | D        | Reached skill level 5 in Air Magic
   661 | D        | Reached skill level 5 in Earth Magic
   661 | D        | Reached skill level 5 in Poison Magic
   670 | D        | Reached ****** piety under Cheibriados
   721 | D        | Noticed a six-headed hydra
   723 | D        | Reached XP level 8. HP: 71/71 MP: 11/17
   727 | D        | Killed a six-headed hydra
  1009 | D        | Noticed a ynoxinul
  1011 | D        | Reached skill level 10 in Fighting
  1011 | D        | Reached skill level 10 in Armour
  1011 | D        | Reached skill level 10 in Shields
  1011 | D        | Reached XP level 9. HP: 78/78 MP: 13/20
  1067 | D        | Noticed an eye of devastation
  1067 | D        | Noticed a merfolk siren
  1071 | D        | Killed a merfolk siren
  1079 | D        | Killed an eye of devastation
  1212 | D        | Noticed a deep elf zephyrmancer
  1214 | D        | Noticed a merfolk
  1217 | D        | Noticed a merfolk aquamancer
  1218 | D        | Killed a deep elf zephyrmancer
  1219 | D        | Reached XP level 10. HP: 31/86 MP: 11/22
  1219 | D        | HP: 2/86 [merfolk aquamancer/ball of steam (29)]
  1220 | D        | Killed from afar by a merfolk aquamancer

Illustrated notes

Levels and vault maps discovered:
D:        pitsprint [storerooms_1, entrance_room_1, metal_vault_4, armoury_1,
          mini_pit_1, grid_room_1, main_hall_1, silver_pit, the_coven_2,
          the_vestibule_1, steel_vault_5, golden_pit, hallway_of_sentries,
          crystal_vault_4, iron_vault_4, final_vault]

Skill      XL: |  1  2  3  4  5  6  7  8  9 |
---------------+----------------------------+-----
Short Blades   | 1 3 4 5 6 7 8 |  8.7
Axes           | 1 3 4 5 6 7 8 |  8.7
Maces & Flails | 1 3 4 5 6 7 8 |  8.7
Polearms       | 1 3 4 5 6 7 8 |  8.7
Staves         | 1 3 4 5 6 7 8 |  8.7
Ranged Weapons | 1 3 4 5 6 7 8 |  8.7
Throwing       | 1 3 4 5 6 7 8 |  8.7
Dodging        | 1 3 4 5 6 7 8 |  8.7
Stealth        | 1 3 4 5 6 7 8 |  8.7
Unarmed Combat | 1 3 4 5 6 7 8 |  8.7
Spellcasting   | 1 3 4 5 6 7 8 |  8.7
Invocations    | 1 3 4 5 6 8 9 |  9.5
Evocations     | 1 3 4 5 6 7 8 |  8.7
Shapeshifting  | 1 2 4 5 6 7 |  7.9
Conjurations   | 2 3 4 5 6 7 |  7.2
Hexes          | 2 3 4 5 6 7 |  7.2
Summonings     | 2 3 4 5 6 7 |  7.2
Necromancy     | 2 3 4 5 6 7 |  7.2
Translocations | 2 3 4 5 6 7 |  7.2
Transmutations | 2 3 4 5 6 7 |  7.2
Fire Magic     | 2 3 4 5 6 7 |  7.2
Ice Magic      | 2 3 4 5 6 7 |  7.2
Air Magic      | 2 3 4 5 6 7 |  7.2
Earth Magic    | 2 3 4 5 6 7 |  7.2
Poison Magic   | 2 3 4 5 6 7 |  7.2
Fighting       | 7 8 9 10 | 10.9
Long Blades    | 5 6 7 8 9 |  9.9
Armour         | 7 8 9 10 | 10.9
Shields        | 7 8 9 10 | 10.9

Action                     |  1- 3 |  4- 6 |  7- 9 | 10-12 || total
---------------------------+-------+-------+-------+-------++-------
  Melee: Long sword        |    41 |    25 |    12 |       ||    78
         Bite              |     4 |     5 |     4 |       ||    13
         Scimitar          |       |       |    10 |       ||    10
 Invoke: Slouch            |       |       |     9 |     1 ||    10
    Use: Potion            |       |       |     1 |       ||     1
   Stab: Sleeping          |       |     1 |       |       ||     1
 Armour: Scale mail        |    26 |     1 |       |       ||    27
         Chain mail        |       |    15 |    25 |     2 ||    42
  Dodge: Dodged            |    20 |    10 |    12 |       ||    42
  Block: Buckler           |    13 |    11 |     8 |       ||    32

Table legend: (Time is in decaauts)
 A = Elapsed time spent in this place.
 B = Non-inter-level travel time spent in this place.
 C = Inter-level travel time spent in this place.
 D = Time resting spent in this place.
 E = Time spent auto-exploring this place.
 F = Levels seen in this place.
 G = Mean time per level.
                   A        B        C        D        E       F      G
               +--------+--------+--------+--------+--------+-----+--------+
         Total |   1442 |   1316 |    126 |    753 |      0 |   1 | 1442.0 |
       Dungeon |   1442 |   1316 |    126 |    753 |      0 |   1 | 1442.0 |
               +--------+--------+--------+--------+--------+-----+--------+

Top non-repeatable levels by time:
       D: 1442 daAuts
